 Dungeon Crawl Stone Soup version 0.30-a0-622-gddc90eaa04 (webtiles) character file.

Game seed: 16819772626825479976

2538 wormed the Cruncher (level 9, -5/66 HPs)
             Began as a Gnoll Wanderer on Jan 11, 2023.
             Was a Priest of Cheibriados.
             Slain by a yak (10 damage)
             ... on level 6 of the Dungeon.
             The game lasted 00:08:48 (6020 turns).

wormed the Cruncher (Gnoll Wanderer)                Turns: 6020, Time: 00:08:48

Health: -5/66      AC: 10    Str: 19    XL:     9   Next: 55%
Magic:  23/23      EV: 12    Int: 20    God:    Cheibriados [***...]
Gold:   395        SH:  0    Dex: 21    Spells: 27/28 levels left

rFire   . . .      SeeInvis .    a - +2 quarterstaff
rCold   . . .      Faith    .    (shield currently unavailable)
rNeg    . . .      Spirit   .    b - +1 scale mail
rPois   +          Reflect  .    t - +0 helmet
rElec   .          Harm     .    w - +0 cloak
rCorr   .          Rampage  .    (no gloves)
Will    .....                    (no boots)
Stlth   ++                       (no amulet)
HPRegen 0.31/turn                o - ring of poison resistance
MPRegen 0.18/turn                (no ring)

@: mighty, on berserk cooldown, slowed, very slow
A: fangs 1, strong nose, distributed training
a: Renounce Religion, Bend Time, Temporal Distortion


You were on level 6 of the Dungeon.
You worshipped Cheibriados.
Cheibriados was most pleased with you.
You visited 2 branches of the dungeon, and saw 7 of its levels.
You also visited: Sewer.

You collected 395 gold pieces.

Inventory:

Hand Weapons
 a - a +2 quarterstaff (weapon)
Missiles
 h - 4 javelins (quivered)
 u - 3 curare-tipped darts
Armour
 b - a +1 scale mail (worn)
 t - a +0 helmet (worn)
 w - a +0 cloak (worn)
Jewellery
 i - a ring of ice
 k - a ring of ice
 o - a ring of poison resistance (left hand)
Wands
 m - a wand of polymorph (1)
 p - a wand of flame (29)
 y - a wand of acid (9)
Scrolls
 d - 2 scrolls of enchant armour
 l - 2 scrolls of identify
 v - a scroll of enchant weapon
 A - 3 scrolls of amnesia
Potions
 c - a potion of invisibility
 e - a potion of cancellation
 f - a potion of ambrosia {unknown}
 g - 4 potions of mutation
 j - 7 potions of flight
 q - a potion of might
 s - a potion of haste {unknown}
 x - a potion of magic {unknown}
 z - a potion of resistance {unknown}


   Skills:
 + Level 4.5 Fighting
 + Level 4.5 Short Blades
 + Level 4.5 Long Blades
 + Level 4.5 Axes
 + Level 4.5 Maces & Flails
 + Level 4.5 Polearms
 + Level 11.3 Staves
 + Level 4.5 Ranged Weapons
 + Level 4.5 Throwing
 + Level 5.3 Armour
 + Level 4.5 Dodging
 + Level 4.5 Stealth
 + Level 4.5 Shields
 + Level 4.5 Unarmed Combat
 + Level 10.4 Spellcasting
 + Level 3.7 Conjurations
 + Level 3.7 Hexes
 + Level 3.7 Summonings
 + Level 3.7 Necromancy
 + Level 3.7 Translocations
 + Level 3.7 Transmutations
 + Level 3.7 Fire Magic
 + Level 3.7 Ice Magic
 + Level 3.7 Air Magic
 + Level 3.7 Earth Magic
 + Level 3.7 Poison Magic
 + Level 5.0 Invocations
 + Level 4.5 Evocations


You had 27 spell levels left.
You knew the following spells:

 Your Spells              Type           Power      Damage    Failure   Level
a - Foxfire               Conj/Fire      100%       2x1d9     4%          1

Your spell library contained the following spells:

 Spells                   Type           Power      Damage    Failure   Level
 Beastly Appendage        Tmut           50%        N/A       4%          1
 Shock                    Conj/Air       100%       1d9       4%          1
 Slow                     Hex            100%       N/A       4%          1
 Blink                    Tloc           50%        N/A       6%          2
 Momentum Strike          Conj/Tloc      50%        3d9       6%          2
 Ignite Poison            Fire/Tmut/Pois 25%        N/A       12%         3
 Kindle Blastsparks       Fire/Tloc/Air  50%        2d14      12%         3
 Lesser Beckoning         Tloc           50%        N/A       12%         3
 Freezing Cloud           Conj/Ice/Air   12%        6-21      73%         5


Dungeon Overview and Level Annotations

Branches:
Dungeon (6/15)             Temple (1/1) D:4           Sewer (visited)

Altars:
Ashenzari
Cheibriados
Dithmenos
Elyvilon
Fedhas
Gozag
Hepliaklqana
Kikubaaqudgha
Makhleb
Nemelex Xobeh
Okawaru
Qazlal
Ru
Sif Muna
Trog
Uskayaw
Vehumet
Wu Jian
Xom
Zin
The Shining One

Annotations:
D:5 2 transporters, Heh's ghost, amateur OpHW


Innate Abilities, Weirdness & Mutations

You have very sharp teeth.
Your uncanny sense of smell can sniff out nearby items.
Your experience applies equally to all skills.


Message History

You kill the yak!
Cheibriados appreciates the change of pace.
You barely miss the yak. You bite the yak.
The yak is heavily wounded.
You hit the yak.
The yak is severely wounded.
The yak gores you.
* * * LOW HITPOINT WARNING * * *
You barely miss the yak. You bite the yak.
The yak is severely wounded.
The yak completely misses you.
You sock the yak!
You kill the yak!
Cheibriados appreciates the change of pace.
Your Invocations skill increases to level 5!
The yak misses you. The yak gores you.
* * * LOW HITPOINT WARNING * * *
Things that are here:
a yak corpse; a yak corpse You sock the yak!
The yak is moderately wounded.
The yak misses you.
You barely miss the yak.
The yak is lightly wounded.
You sock the yak!
The yak is heavily wounded.
You are no longer berserk.
You are exhausted.
You feel yourself slow down. The yak barely misses you.
Blink to where?
Press: ? - help, Dir - move target
As you read the scroll of blinking, it crumbles to dust.
As you read the scroll of identify, it crumbles to dust.
v - a scroll of enchant weapon
As you read the scroll of identify, it crumbles to dust.
A - 3 scrolls of amnesia
As you read the scroll of identify, it crumbles to dust.
B - a scroll of acquirement Something appears at your feet!
The yak gores you!
You die...

#.#.#######
#†#.......#
#.######.##
#.# #.# #[#
#.# #.# #.#
#Y# #.#
#Y######.#
#.@......#
##########
. ∆ .. ...


You could see 2 yaks.

Vanquished Creatures
  Grinder (D:3)
  A wraith (D:6)
  4 yaks (D:6)
  A golden eye (D:6)
  2 water moccasins (D:6)
  A black bear (D:5)
  2 centaurs (D:6)
  2 scorpions
  A hound (D:4)
  5 orc priests
  A jelly (D:5)
  Jessica (D:3)
  3 iguanas
  6 orc wizards
  12 adders
  7 gnolls
  5 river rats
  A shadow imp (D:5)
  A white imp (D:5)
  2 adder skeletons (D:3)
  7 worms
  A dart slug (D:1)
  24 orcs
  13 ball pythons
  8 endoplasms
  3 giant cockroaches
  7 goblins
  12 hobgoblins
  17 jackals
  A quokka (Sewer)
  A ball python zombie (D:3)
  13 bats
  5 frilled lizards
  A giant cockroach zombie (D:3)
  2 kobolds
  8 rats
182 creatures vanquished.

Notes
Turn   | Place    | Note
-------+----------+-------------------------------------------
     0 | D:1      | Reached skill level 10 in Staves
     0 | D:1      | wormed the Gnoll Wanderer began the quest for the Orb.
     0 | D:1      | wormed set off with the following items: a +2 quarterstaff,
                  | a +0 scale mail, a potion of invisibility; and the
                  | following spell memorised: Foxfire; and the following
                  | spells available to memorise: Ignite Poison.
     0 | D:1      | Reached XP level 1. HP: 13/13 MP: 10/10
    66 | D:1      | Reached XP level 2. HP: 16/19 MP: 12/12
   150 | D:1      | Got Spellwork, Part One
   392 | D:1      | Reached XP level 3. HP: 20/25 MP: 13/13
   705 | D:2      | Reached skill level 1 in Invocations
   723 | D:2      | Reached skill level 1 in Fighting
   723 | D:2      | Reached skill level 1 in Short Blades
   723 | D:2      | Reached skill level 1 in Long Blades
   723 | D:2      | Reached skill level 1 in Axes
   723 | D:2      | Reached skill level 1 in Maces & Flails
   723 | D:2      | Reached skill level 1 in Polearms
   723 | D:2      | Reached skill level 1 in Ranged Weapons
   723 | D:2      | Reached skill level 1 in Throwing
   723 | D:2      | Reached skill level 1 in Dodging
   723 | D:2      | Reached skill level 1 in Stealth
   723 | D:2      | Reached skill level 1 in Shields
   723 | D:2      | Reached skill level 1 in Unarmed Combat
   723 | D:2      | Reached skill level 1 in Evocations
   954 | D:2      | Reached XP level 4. HP: 14/32 MP: 15/15
  1155 | D:2      | Reached skill level 1 in Conjurations
  1155 | D:2      | Reached skill level 1 in Hexes
  1155 | D:2      | Reached skill level 1 in Summonings
  1155 | D:2      | Reached skill level 1 in Necromancy
  1155 | D:2      | Reached skill level 1 in Translocations
  1155 | D:2      | Reached skill level 1 in Transmutations
  1155 | D:2      | Reached skill level 1 in Fire Magic
  1155 | D:2      | Reached skill level 1 in Ice Magic
  1155 | D:2      | Reached skill level 1 in Air Magic
  1155 | D:2      | Reached skill level 1 in Earth Magic
  1155 | D:2      | Reached skill level 1 in Poison Magic
  1254 | D:2      | Found a faded altar of an unknown god.
  1348 | D:2      | Reached XP level 5. HP: 37/37 MP: 16/16
  1794 | D:3      | Found an ornate altar of the Wu Jian Council.
  1990 | D:3      | Found a white marble altar of Elyvilon.
  1992 | D:3      | Noticed Jessica
  2003 | D:3      | Killed Jessica
  2159 | D:3      | Noticed Sigmund
  2161 | D:3      | Sigmund changed into Sigmund the worm
  2161 | D:3      | Noticed Sigmund
  2164 | D:3      | Killed Sigmund the worm
  2227 | D:3      | Reached XP level 6. HP: 37/44 MP: 16/18
  2504 | D:3      | Noticed Grinder
  2512 | D:3      | Paralysed by Grinder for 3 turns
  2525 | D:3      | Killed Grinder
  2526 | D:3      | Reached XP level 7. HP: 21/50 MP: 20/20
  2922 | D:4      | Found a staircase to the Ecumenical Temple.
  2967 | Temple   | Entered the Ecumenical Temple
  2975 | Temple   | Became a worshipper of Cheibriados the Contemplative
  3217 | D:4      | Found a glowing drain.
  3227 | Sewer    | Entered a sewer
  3356 | Sewer    | Reached * piety under Cheibriados
  4051 | D:4      | Reached ** piety under Cheibriados
  4139 | D:4      | Found a faded altar of an unknown god.
  4139 | D:4      | Found a faded altar of an unknown god.
  4141 | D:4      | Found a hazy altar of Hepliaklqana.
  4283 | D:5      | Entered Level 5 of the Dungeon
  4532 | D:5      | Reached XP level 8. HP: 58/58 MP: 21/21
  4831 | D:5      | Reached skill level 11 in Staves
  4981 | D:5      | Found a transporter.
  4984 | D:5      | Noticed Heh's ghost (amateur OpHW)
  5149 | D:5      | Found a transporter.
  5300 | D:6      | Noticed a wraith
  5307 | D:6      | Reached skill level 10 in Spellcasting
  5308 | D:6      | Reached *** piety under Cheibriados
  5333 | D:6      | Killed a wraith
  5544 | D:6      | Noticed Maggie
  5561 | D:6      | Maggie changed into Maggie the golden eye
  5561 | D:6      | Noticed Maggie
  5563 | D:6      | Killed Maggie the golden eye
  5564 | D:6      | Reached XP level 9. HP: 35/65 MP: 23/23
  5812 | D:6      | Found a hide-covered altar of Uskayaw.
  5991 | D:6      | Reached skill level 5 in Armour
  6012 | D:6      | Reached skill level 5 in Invocations
  6012 | D:6      | HP: 4/99 [yak (2)]
  6019 | D:6      | Identified a scroll of acquirement
  6020 | D:6      | Acquired 846 gold pieces
  6020 | D:6      | Slain by a yak

Illustrated notes

Levels and vault maps discovered:
D:1:      eino_arrival_tree_alley, layout_basic, grunt_decor_clamped
D:2:      layout_basic, shapermc_ecumenical_altar_hornbeckon,
          minmay_split_cup_large
D:3:      layout_basic, elyvilon_altar_5, nzn_wu_jian_council_hall,
          serial_undead, serial_undead_a, serial_undead_d, serial_undead_b,
          serial_undead_a, reono_crystal_passage, moated_statue, uniq_grinder,
          uniq_jessica, uniq_sigmund
D:4:      layout_rooms, nicolae_hepliaklqana_ecumenical_no_more,
          minmay_temple_entry_mini_moons, lightli_sewer_entry_pipes
D:5:      layout_rooms, gammafunk_ghost_mausoleum, minmay_misc_feat_tower,
          nicolae_elevator_lobby_plus
D:6:      lemuel_insect_pit, layout_basic, old_standard_altar, uniq_maggie
Temple:   sentei_temple_godly_chess

Skill      XL: |  1  2  3  4  5  6  7  8  9 |
---------------+----------------------------+-----
Staves         | 11 | 11.3
Spellcasting   | 10 | 10.4
Invocations    | 1 2 3 4 5 |  5.0
Fighting       | 1 2 3 4 |  4.5
Short Blades   | 1 2 3 4 |  4.5
Long Blades    | 1 2 3 4 |  4.5
Axes           | 1 2 3 4 |  4.5
Maces & Flails | 1 2 3 4 |  4.5
Polearms       | 1 2 3 4 |  4.5
Ranged Weapons | 1 2 3 4 |  4.5
Throwing       | 1 2 3 4 |  4.5
Dodging        | 1 2 3 4 |  4.5
Stealth        | 1 2 3 4 |  4.5
Shields        | 1 2 3 4 |  4.5
Unarmed Combat | 1 2 3 4 |  4.5
Evocations     | 1 2 3 4 |  4.5
Conjurations   | 1 2 3 |  3.7
Hexes          | 1 2 3 |  3.7
Summonings     | 1 2 3 |  3.7
Necromancy     | 1 2 3 |  3.7
Translocations | 1 2 3 |  3.7
Transmutations | 1 2 3 |  3.7
Fire Magic     | 1 2 3 |  3.7
Ice Magic      | 1 2 3 |  3.7
Air Magic      | 1 2 3 |  3.7
Earth Magic    | 1 2 3 |  3.7
Poison Magic   | 1 2 3 |  3.7
Armour         | 3 4 5 |  5.3

Action                   |  1- 3 |  4- 6 |  7- 9 || total
-------------------------+-------+-------+-------++-------
Melee: Quarterstaff      |    85 |   138 |   364 ||   587
       Bite              |     6 |    11 |    31 ||    48
Throw: Javelin           |       |       |     1 ||     1
Evoke: Wand              |       |     2 |     2 ||     4
  Use: Scroll            |       |     3 |    12 ||    15
       Potion            |       |       |     4 ||     4
 Stab: Sleeping          |       |       |     1 ||     1
Armor: Scale mail        |    30 |    55 |   173 ||   258
Dodge: Dodged            |    29 |    63 |   196 ||   288

Table legend: (Time is in decaauts)
 A = Elapsed time spent in this place.
 B = Non-inter-level travel time spent in this place.
 C = Inter-level travel time spent in this place.
 D = Time resting spent in this place.
 E = Time spent auto-exploring this place.
 F = Levels seen in this place.
 G = Mean time per level.
                   A        B        C        D        E       F      G
               +--------+--------+--------+--------+--------+-----+--------+
         Total |   6866 |   6647 |    219 |     32 |   5328 |   8 |  858.2 |
       Dungeon |   5887 |   5677 |    210 |      0 |   4594 |   6 |  981.2 |
        Temple |     18 |      9 |      9 |      0 |      0 |   1 |   18.0 |
         Sewer |    960 |    960 |      0 |     32 |    733 |   1 |  960.0 |
               +--------+--------+--------+--------+--------+-----+--------+

Top non-repeatable levels by time:
     D:5: 1222 daAuts
     D:4: 1064 daAuts
     D:3: 1003 daAuts
     D:2: 971 daAuts
   Sewer: 960 daAuts
     D:6: 902 daAuts
     D:1: 724 daAuts
  Temple: 18 daAuts
